[Event "IV Estrellas 2022"]
[Site "La Palma"]
[Date "2022.08.09"]
[Round "6.2"]
[White "Pap, Misa"]
[Black "Kurajica, Bojan"]
[Result "1-0"]
[ECO "B22"]
[WhiteElo "2375"]
[BlackElo "2525"]
[Annotator "TA"]
[PlyCount "81"]
[EventDate "2022.08.06"]
[EventType "swiss"]
[EventCountry "ESP"]
[SourceTitle "playchess.com"]
[Source "ChessBase"]
[SourceQuality "1"]
[TimeControl "5400+30"]

1. e4 c5 2. c3 d5 3. exd5 Qxd5 4. Nf3 Bf5 5. d4 cxd4 6. Nxd4 {[%emt 0:05:04] B22: Sicilian: 2 c3.} Bd7 {[%emt 0:16:31] [#]} 7. Na3 $146 ({Predecessor:} 7. c4 Qe5+ 8. Be3 Nc6 9. Nc3 e6 10. Nf3 Qb8 11. Qd2 Nf6 12. O-O-O Be7 13. Bf4 {0-1 (39) Hricko,M (1967)-Bachorik,O (2138) Czech Republic 2015}) 7... Nc6 8. Be3 {[%emt 0:01:40][%cal Bc1e3,Be3d4,Bd4e5,Be5c7][%mdl 32] White is slightly better.} Nxd4 9. Qxd4 Qxd4 10. Bxd4 ({Of course not} 10. cxd4 e6 $11) 10... a6 {[%emt 0:00:08] Against Nb5} 11. Nc4 e6 12. Nb6 Rd8 13. Be5 $1 Ke7 14. O-O-O (14. Bc7 $18) 14... Bc6 $16 15. Be2 {[%emt 0:00:40] White is much more active. The black rooks are badly placed.} Nf6 16. Bc7 $1 Rxd1+ 17. Rxd1 {[%emt 0:00:03] Threatening mate with Nc8+.} Nd5 {[%emt 0:01:10] [#]} 18. Nxd5+ (18. Bf3 $1 $16) 18... Bxd5 $11 19. c4 Bxg2 20. f3 $1 e5 21. Bxe5 Ke6 22. f4 f6 23. Bg4+ Kf7 24. Rd7+ Be7 $1 25. Bd6 Re8 26. c5 Kf8 27. Bf5 Bxd6 28. Rxd6 {[%emt 0:02:21][%mdl 4096] Endgame KRB-KRB} Re1+ 29. Kd2 Rf1 30. Rd8+ Ke7 31. Rd7+ Kf8 32. Be6 g6 (32... Bc6 $11 33. Rf7+ Ke8) 33. Rf7+ $16 Ke8 34. Rxh7 Rxf4 35. Bf7+ Kd8 (35... Kf8 $16) 36. Bxg6 $18 Rf2+ (36... Bc6 {might work better.} 37. h4 Rf2+ 38. Kc3 Rf3+ 39. Kd4 Rf4+ 40. Ke3 Rf3+ 41. Ke2 f5) 37. Kc3 f5 (37... Bc6 {was necessary.} 38. h4 Rf3+ 39. Kc4 Rf4+ 40. Kd3 Rf3+ 41. Kd4 Rf4+ 42. Kc3 Rf3+ 43. Kd4 Rf4+ 44. Ke3 Rf3+ 45. Kd4) 38. h4 {[%emt 0:01:05][%cal Bh2h4,Bh4h5][%mdl 32] Black must now prevent h5.} f4 39. h5 Rf3+ $2 (39... Bd5 40. h6 Rh2 41. Rh8+ Ke7) 40. Kd4 Rg3 41. Ke5 {[%emt 0:00:51] Weighted Error Value: White=0.10 (very precise) /Black=0.22 (precise)} 1-0

[Event "IV Estrellas 2022"]
[Site "La Palma"]
[Date "2022.08.09"]
[Round "6.3"]
[White "Del Rio De Angelis, Salvador G."]
[Black "Pierrot, Facundo"]
[Result "1/2-1/2"]
[ECO "D87"]
[WhiteElo "2442"]
[BlackElo "2371"]
[Annotator "RC"]
[PlyCount "25"]
[EventDate "2022.08.06"]
[EventType "swiss"]
[EventCountry "ESP"]
[SourceTitle "playchess.com"]
[Source "ChessBase"]
[SourceQuality "1"]
[TimeControl "5400+30"]

1. d4 Nf6 2. c4 g6 3. Nc3 d5 4. cxd5 Nxd5 5. e4 Nxc3 6. bxc3 Bg7 7. Bc4 c5 8. Ne2 O-O 9. d5 e6 10. O-O exd5 11. Bxd5 Nd7 12. Rb1 Nf6 13. Bg5 1/2-1/2

[Event "IV Estrellas 2022"]
[Site "La Palma"]
[Date "2022.08.09"]
[Round "6.4"]
[White "Geske, Julian"]
[Black "Herrera Reyes, Jose Antonio"]
[Result "1/2-1/2"]
[ECO "B40"]
[WhiteElo "2386"]
[BlackElo "2345"]
[Annotator "TA"]
[PlyCount "110"]
[EventDate "2022.08.06"]
[EventType "swiss"]
[EventCountry "ESP"]
[SourceTitle "playchess.com"]
[Source "ChessBase"]
[SourceQuality "1"]
[TimeControl "5400+30"]

1. e4 c5 2. Nf3 e6 3. g3 b6 4. Bg2 Bb7 5. Qe2 Qc7 6. O-O {[%emt 0:00:17] B40: Sicilian: 2...e6, Unusual lines.} d6 7. d4 cxd4 $1 8. Nxd4 {[%emt 0:00:03] White is slightly better.} a6 {[%emt 0:00:38] [#]} 9. a4 $146 ({Predecessor:} 9. c4 Be7 10. Be3 Nf6 11. Nd2 O-O 12. f4 Nc6 13. Nc2 Rfe8 14. Rac1 Nd7 15. b4 {½-½ (38) Gaponenko,I (2403)-Babiy,O (2350) Lvov 2015}) 9... Be7 10. Ra3 h5 (10... Nd7 $14) 11. Rc3 $18 Qd7 (11... Qd8 $16 {was called for.}) 12. Na3 Qxa4 (12... Nc6 {keeps fighting.}) 13. Nc4 Nd7 14. Qe3 (14. b3 $18 Qa2 15. Bb2) 14... b5 $16 15. b3 {[%emt 0:04:31][%mdl 1024] White has strong compensation. White is more active.} Qa2 {[%emt 0:00:54] [#]} 16. Na3 ({White has to play} 16. Nb6 $1 $16 Nxb6 17. Rc7) 16... Ngf6 $1 $11 17. b4 $1 (17. Rc7 Rb8 18. Qd2 h4 $17) 17... d5 (17... O-O $11) 18. e5 $2 (18. Rc7 $16 {stays on course.} Rb8 19. Qc3) 18... Ng4 $36 {[%emt 0:00:30][%mdl 2048] Keeping White busy.} 19. Qe2 Bxb4 20. Rb3 Bc5 21. Bb2 Rc8 (21... Ndxe5 22. h3 Bxa3 23. Bxa3 $16) (21... O-O $17 {aiming for ...Rfc8.} 22. Qd2 (22. Ra1 $2 Qxb2 23. Rxb2 Bxd4 $19) 22... Bxa3 23. Bxa3 Ngxe5 $1 24. Bxf8 Rxf8) 22. Ra1 $2 {[%emt 0:03:01][%mdl 8192] [#]} (22. Qd2 $14 {keeps the upper hand.} b4 23. Rxb4 (23. Ra1 Qxb3 24. cxb3 bxa3 $14) 23... Bxb4 24. Qxb4) 22... Qxb2 $3 $19 23. Rxb2 Bxd4 24. Rab1 Bxf2+ 25. Kf1 (25. Kh1 $142) 25... Bd4 26. Rb3 Nxh2+ 27. Ke1 Nc5 28. Rxb5 $2 (28. c4) 28... axb5 29. Nxb5 Ba6 30. Nd6+ Ke7 $2 ({Black should play} 30... Kd7 $19 31. Qd2 Nd3+ $1 32. cxd3 Bc3 33. Nxc8 Rxc8) 31. Qd2 {[%emt 0:01:06][%mdl 8192] [#] Inhibits Bc3.} (31. Nxc8+ $15 Bxc8 32. Qd2 Bxe5 33. Qg5+ Bf6 34. Qe3) 31... Bxe5 $1 32. Nxc8+ Bxc8 $2 {[%emt 0:00:08] A strong pair of Bishops.} (32... Rxc8 $19 {has better winning chances.} 33. Qg5+ Bf6 34. Qxh5 Na4 $1) 33. Qg5+ $17 Bf6 34. Qe3 Nd7 35. Qa3+ $1 {[%emt 0:00:40] [#]} Ke8 (35... Kd8 $1 $17 {And now ...Be5 would win.} 36. c4 Be5 37. cxd5 exd5 38. Bxd5 Rh6) 36. c4 $1 $11 {[%emt 0:01:30] The position is equal.} Bd4 37. cxd5 Bc5 38. Qa8 Ke7 {[%emt 0:00:06] White must now prevent ...exd5.} 39. dxe6 fxe6 40. Bb7 Ne5 {[%emt 0:03:27][%cal Oh8f8] Threatens to win with ...Rf8!} 41. Bxc8 {[%emt 0:00:45] Hoping for Ke2.} Nhf3+ 42. Ke2 Rd8 $1 {[%emt 0:00:01] ( -> ...Rd2+)} 43. Rd1 {[%emt 0:01:49] Prevents Rd2+. Really sharp!} Ng1+ {[%emt 0:00:42] [#]} 44. Rxg1 $1 Bxg1 45. Qb8 Kf6 46. Qc7 Rd3 47. Bb7 Be3 48. Be4 Rd7 49. Qc8 Bh6 50. Qf8+ Nf7 51. Qc5 g6 52. Qc3+ Ne5 53. Bxg6 {[%emt 0:00:31][%mdl 64] Pin} Rd2+ 54. Ke1 Rd5 {[%emt 0:00:08] ...Bd2+ is the strong threat.} 55. Bxh5 Bd2+ {[%emt 0:00:52] White used his chance.  Weighted Error Value: White=0.46/Black=0.46} 1/2-1/2

[Event "IV Estrellas 2022"]
[Site "La Palma"]
[Date "2022.08.09"]
[Round "6.5"]
[White "Martinez Duany, Lelys Stanley"]
[Black "Cubas Cabrera, Angel Luis"]
[Result "1-0"]
[ECO "A50"]
[WhiteElo "2497"]
[BlackElo "2207"]
[Annotator "TA"]
[PlyCount "69"]
[EventDate "2022.08.06"]
[EventType "swiss"]
[EventCountry "ESP"]
[SourceTitle "playchess.com"]
[Source "ChessBase"]
[SourceQuality "1"]
[TimeControl "5400+30"]

1. Nf3 Nf6 2. c4 e6 3. Nc3 b6 4. e4 d6 5. d4 c5 6. dxc5 {[%emt 0:03:30] A50: Queen's Fianchetto Defence (1 d4 Nf6 2 c4 b6).} bxc5 7. e5 Ng4 8. exd6 {[%emt 0:01:19] [#] White is clearly better.} Qxd6 $146 ({Predecessor:} 8... Bxd6 9. Nb5 Bc7 10. Qxd8+ Kxd8 11. Nxc7 Kxc7 12. h3 Nf6 13. Ne5 Rf8 14. Bf4 Kb6 {1-0 (29) Galeev,S (2280)-Macanga,B (2250) Djakovo 1994}) 9. Qxd6 Bxd6 10. Nb5 Ke7 11. Nxd6 Kxd6 12. Ng5 Ke7 13. Be2 Ne5 14. Be3 Na6 15. f4 Nd7 16. O-O-O h6 17. Ne4 {[%emt 0:03:30] White is much more active. The black rooks are badly placed.} Bb7 18. Nd6 Bc6 19. Rd2 Rhd8 20. Rhd1 Nb6 21. g4 Rd7 22. Nb5 Rxd2 23. Rxd2 ({But not} 23. Bxd2 $6 Bxb5 24. cxb5 Nb4 $14) 23... Nd7 24. Nd6 Rd8 25. a3 Nb6 (25... Rb8 $16 26. f5 e5) 26. Nb5 $18 Nc8 27. Rxd8 Kxd8 28. Kc2 Kd7 29. h4 Be4+ (29... g6 $16 30. f5 Be4+ 31. Kc3 exf5) 30. Kc3 Kc6 {[%emt 0:00:42] [#]} 31. b4 $1 cxb4+ $2 (31... f6 {was worth a try.} 32. Kb3 Bg2) 32. axb4 Kb7 33. h5 Nc7 34. Nxc7 Kxc7 35. Bc5 {[%emt 1:11:44] Weighted Error Value: White=0.05 (flawless) /Black=0.20 (precise)} 1-0

[Event "IV Estrellas 2022"]
[Site "La Palma"]
[Date "2022.08.09"]
[Round "6.6"]
[White "Martinez Reyes, Pedro Ramon"]
[Black "Amador Garcia, Ismael"]
[Result "1-0"]
[ECO "B90"]
[WhiteElo "2408"]
[BlackElo "2128"]
[Annotator "TA"]
[PlyCount "99"]
[EventDate "2022.08.06"]
[EventType "swiss"]
[EventCountry "ESP"]
[SourceTitle "playchess.com"]
[Source "ChessBase"]
[SourceQuality "1"]
[TimeControl "5400+30"]

1. e4 c5 2. Nf3 d6 3. d4 cxd4 4. Nxd4 Nf6 5. Nc3 a6 6. Be3 e5 7. Nf3 Be7 8. h3 {[%emt 0:00:14] B90: Sicilian Najdorf: Unusual White 6th moves, 6 Be3 Ng4 and 6 Be3 e5.} Qc7 {[%emt 0:01:07] Recently 8...Be6 got a lot of attention.} 9. a4 O-O 10. Be2 {[%emt 0:02:31] The position is equal.} Nbd7 11. O-O Nc5 12. Nd2 Be6 13. Bg5 Ncd7 {[%emt 0:04:11] [#]} 14. Re1 $146 ({Predecessor:} 14. a5 Rfc8 15. Re1 h6 16. Bxf6 Nxf6 17. Nf1 b5 18. axb6 Qxb6 19. Na4 Qc6 20. Bd3 {0-1 (29) Hadj Kholti,Y (1871)-Livaic,L (2507) Chess.com INT 2020}) 14... h6 15. Bxf6 Nxf6 16. Bf3 Qc5 17. Nb3 Qc7 18. Nd2 Qc5 19. Nb3 Qc7 20. a5 b5 21. axb6 Qxb6 22. Be2 Rfc8 {[%emt 0:01:32][%cal Oc8c3] White should prevent ...Rxc3!} 23. Qd3 Bc4 24. Qd1 Be6 25. Qd3 Bc4 26. Qd2 Bxb3 27. cxb3 Qxb3 28. Rxa6 (28. Bxa6 $11 Rcb8 29. Reb1) 28... Rxa6 (28... Rab8 $5 ) 29. Bxa6 Rb8 30. Qd3 Nd7 (30... Qxb2 $2 31. Rb1 $18) ({Better is} 30... Rb4 $11) 31. Bc4 $14 Qb7 32. Qf3 Bf6 33. b3 Nc5 34. Nd5 Bg5 35. Qg4 {[%emt 0:00:43] White is more active.} Ne6 36. h4 Bf4 {[%emt 0:06:26] Black cannot hold the game after this.} (36... Bd8 $14) 37. Nxf4 (37. Rd1 $18) 37... Nxf4 $16 {[%emt 0:01:07] [#]} 38. g3 $1 d5 39. exd5 ({And not} 39. gxf4 dxc4 40. bxc4 Qc7 $11) 39... Nxd5 40. Rxe5 Nf6 41. Qe2 Ra8 {[%emt 0:00:18] [#] aiming for ...Ra1+.} 42. Qe1 {[%emt 0:00:04] Against Ra1} Ra7 43. Ra5 Kh7 (43... Rxa5 $142 44. Qxa5 Qe4 45. Qd8+ (45. Qc7 Qb1+ 46. Bf1 Qxb3 $16) 45... Qe8) 44. b4 $18 g6 $2 (44... Qe7 45. Qxe7 Rxe7) 45. Qa1 Rxa5 46. bxa5 ({Weaker is} 46. Qxa5 Qe4 $18) 46... Ng4 47. Qd4 h5 48. a6 Qb1+ 49. Kg2 Qf5 50. Qf4 {[%emt 0:00:44] Weighted Error Value: White=0.12 (very precise) /Black=0.43} 1-0

[Event "IV Estrellas 2022"]
[Site "La Palma"]
[Date "2022.08.09"]
[Round "6.7"]
[White "Miranda Herrera, Miguel"]
[Black "Roeder, Matthias"]
[Result "0-1"]
[ECO "B22"]
[WhiteElo "1904"]
[BlackElo "2357"]
[Annotator "TA"]
[PlyCount "102"]
[EventDate "2022.08.06"]
[EventType "swiss"]
[EventCountry "ESP"]
[SourceTitle "playchess.com"]
[Source "ChessBase"]
[SourceQuality "1"]
[TimeControl "5400+30"]

1. e4 c5 2. c3 Nf6 3. e5 Nd5 4. Nf3 d6 5. d4 cxd4 6. cxd4 Nc6 7. Bc4 Nb6 8. Bb5 Bd7 9. exd6 {[%emt 0:04:12] B22: Sicilian: 2 c3.} e6 10. Nc3 Bxd6 11. d5 (11. O-O $11) 11... Nxd5 12. Nxd5 exd5 13. Qxd5 Bb4+ 14. Bd2 {[%emt 0:00:07] And now Bxb4 would win.} Qe7+ {[%emt 0:01:27] [#]} 15. Be2 $146 (15. Kf1 $142 Bxd2 16. Qxd2) ({Predecessor:} 15. Kf1 Bxd2 16. Qxd2 O-O 17. Rd1 Rad8 18. Qd6 Qxd6 19. Rxd6 Bg4 20. Rd3 a6 21. Bc4 {½-½ (30) Roeber,J (1991)-Schoeller,W (1975) Mittelfranken 2015}) 15... O-O-O $1 $17 16. Bxb4 Qxb4+ 17. Qd2 Rhe8 18. Qxb4 (18. Kf1 $17 {might work better.}) 18... Nxb4 $19 19. Kf1 {[%emt 0:00:04] [#]} Nc2 $1 20. Rc1 {[%emt 0:06:16] [#]} (20. Rd1) 20... Rxe2 $1 21. Nd4 {[%emt 0:00:04] [#]} Re1+ 22. Rxe1 Nxe1 23. Kxe1 {[%emt 0:00:10][%mdl 4096] Endgame KRB-KRN} Ba4 24. Nb3 Bxb3 25. axb3 $17 {[%emt 0:00:07] KR-KR} Rd3 26. Ke2 Rxb3 {[%emt 0:00:06] Black is more active.} 27. Rb1 Kd7 28. Kd2 Rb4 29. Kc3 Rf4 30. Rd1+ Kc6 31. f3 a5 32. Rd8 h5 33. Rc8+ Kb6 34. Re8 h4 35. Re3 g5 36. g3 hxg3 37. hxg3 Rf5 38. Kd4 Kc6 39. Ke4 Rb5 40. Rc3+ Rc5 {[%emt 0:02:53] ...Rxc3 is the strong threat.} 41. Ra3 b6 42. Re3 Kd6 {[%emt 0:04:03] aiming for ...Re5+.} 43. f4 {[%emt 0:02:04] Against Re5+} (43. Rd3+ Kc6 44. Rd2) 43... f5+ $19 {[%emt 0:00:41] Black is clearly winning.} 44. Kd4 gxf4 45. gxf4 Rb5 46. Kc3 Rb4 47. Rh3 Rxf4 48. Rh6+ Kc5 49. Rf6 Rf3+ 50. Kc2 b5 {[%emt 0:00:31] Strongly threatening ...Kb4.} 51. Rf8 a4 {[%emt 0:00:39] Weighted Error Value: White=0.66/Black=0.20 (precise)} (51... Kb4 $142 52. Re8 Rf2+ 53. Kb1 a4) 0-1

[Event "IV Estrellas 2022"]
[Site "La Palma"]
[Date "2022.08.09"]
[Round "6.8"]
[White "Garcia Blanco, Omar"]
[Black "Marrero Rodriguez, Jorge"]
[Result "1-0"]
[ECO "D02"]
[WhiteElo "2352"]
[BlackElo "1941"]
[Annotator "TA"]
[PlyCount "61"]
[EventDate "2022.08.06"]
[EventType "swiss"]
[EventCountry "ESP"]
[SourceTitle "playchess.com"]
[Source "ChessBase"]
[SourceQuality "1"]
[TimeControl "5400+30"]

1. Nf3 d5 2. g3 Nd7 3. d4 Nb6 4. Bg2 Nf6 5. O-O Bf5 6. Ne5 {[%emt 0:01:24] D02: 1 d4 d5 2 Nf3 sidelines, including 2...Nf6 3 g3 and 2...Nf6 3 Bf4.} e6 7. c4 c6 8. Nc3 {[%emt 0:01:50] [#] The position is equal.} Bb4 $146 ({Predecessor:} 8... Be7 9. Qb3 dxc4 10. Nxc4 Nxc4 11. Qxc4 O-O 12. Rd1 Bg6 13. a4 a5 14. Qb3 Nd5 15. Nxd5 cxd5 16. Qxb7 {1-0 (67) Mikhailov,V (2428)-Sjugirov,S (2696) Chess.com INT 2022}) 9. Qb3 Bxc3 10. bxc3 Nfd7 11. Nxd7 (11. Ba3 {seems wilder.} Nxe5 12. cxd5 cxd5 13. dxe5 Nc4 14. Rfd1) 11... Qxd7 12. e4 Bxe4 13. Bxe4 dxe4 14. Ba3 h5 15. Rfe1 h4 (15... f5 $5 ) 16. Rxe4 hxg3 17. fxg3 c5 (17... O-O-O $11 {remains equal.}) 18. Bxc5 $16 Qc6 19. Re2 Nd7 20. Ba3 {[%emt 0:01:42] White is more active.} O-O-O 21. Rf1 {[%emt 0:04:35] [#] And now Be7 would win.} f6 22. c5 $36 {[%emt 0:06:57][%mdl 2048] White is really pushing.} e5 23. d5 Qa6 {[%emt 0:00:10] Loses the game.} (23... Qc7 $16) 24. c4 Qa5 25. Bb4 Qc7 26. Qa3 Nb8 $2 (26... a5) 27. Rb2 {[%emt 0:06:49] [#] Threatens to win with Ba5.} b6 {[%emt 0:03:45] Prevents Ba5.} 28. Rfb1 Nd7 29. Qa6+ Kb8 30. c6 {[%emt 0:00:06][%cal Ob4d6] Intending Bd6! and mate.} Nf8 31. Bxf8 {[%emt 0:00:52] Weighted Error Value: White=0.16 (very precise) /Black=0.71} 1-0

[Event "IV Estrellas 2022"]
[Site "La Palma"]
[Date "2022.08.09"]
[Round "6.9"]
[White "Del Rey, Diego"]
[Black "Pleschke, Julius Jonas"]
[Result "1-0"]
[ECO "A45"]
[WhiteElo "2358"]
[BlackElo "1685"]
[Annotator "TA"]
[PlyCount "93"]
[EventDate "2022.08.06"]
[EventType "swiss"]
[EventCountry "ESP"]
[SourceTitle "playchess.com"]
[Source "ChessBase"]
[SourceQuality "1"]
[TimeControl "5400+30"]

1. d4 Nf6 2. Bg5 e6 3. e4 h6 4. Bxf6 Qxf6 5. c3 d5 6. e5 {[%emt 0:01:08] A45: Trompowsky Attack.} Qd8 7. Nf3 c5 8. Bd3 {[%emt 0:01:39] The position is equal.} Nc6 9. dxc5 a5 {[%emt 0:04:19] Inhibits b4.} 10. O-O Bxc5 11. Nbd2 O-O 12. Nb3 {[%emt 0:01:38] [#]} Bb6 $146 ({Predecessor:} 12... Ba7 13. Bc2 f5 14. exf6 Qxf6 15. Qd3 a4 16. Nbd4 e5 17. Qh7+ Kf7 18. Nxc6 bxc6 {0-1 (46) Franssila,T (2279)-Kauppila,O (2267) Jyvaskyla 2004}) 13. Bc2 g6 14. h4 h5 15. Qd2 Kg7 {[%emt 0:00:08] Inhibits Qh6+.} 16. Nbd4 (16. Nc1 $14) 16... Nxd4 $11 17. cxd4 Bd7 18. Bd3 Rc8 19. Qf4 Qe7 20. Rae1 Ba4 21. b3 Bd7 22. Re3 Rc3 23. Bb1 Rfc8 24. g4 {[%emt 0:00:22] Black must now prevent gxh5.} hxg4 25. Qxg4 {[%emt 0:03:56] Threatens to win with h5.} Rc1 (25... Rxe3 $11 {remains equal.} 26. fxe3 Bb5) 26. Bd3 $16 Rxf1+ (26... Be8 $1 $11) 27. Kxf1 $18 Rh8 28. Ng5 $1 {[%emt 0:01:40] Strongly threatening Rf3.} Be8 {[%emt 0:05:31] [#]} 29. Rf3 $1 {[%emt 0:06:41][%cal Od3g6] aiming for Bxg6!} Qb4 $2 {[%emt 0:03:49] [#]} (29... Rh5 30. Rf6 Bd8 31. Nxe6+ fxe6) 30. Rf4 $2 ({Not} 30. Qf4 Bd8 $11) (30. Bxg6 $1 $18 {[%cal Og5e6][%mdl 512] White wants to mate with Nxe6+!} fxg6 31. Nxe6+ Kh7 32. h5) 30... Bd8 $16 31. Kg2 {[%emt 0:08:03][%cal Od3g6] White is much more active.} Qd2 $2 {[%emt 0:02:18][%mdl 8192] [#]} (31... Rg8 $16 {is a better chance.}) 32. Bxg6 $1 $18 {[%emt 0:01:29][%cal Og5e6][%mdl 512] White is clearly winning.} Bxg5 (32... Qxf4 33. Qxf4) 33. Qxg5 {[%emt 0:00:46][%cal Of4f7] Threatening mate with Rxf7+!} fxg6 {[%emt 0:02:02] [#]} 34. Rf7+ $3 {[%emt 0:00:05][%mdl 576] Discovered Attack} Bxf7 35. Qxd2 Rxh4 {[%emt 0:00:12][%mdl 4096] Endgame KQ-KRB} 36. Kg3 Rh5 37. Qxa5 Rg5+ 38. Kf4 Rf5+ 39. Ke3 g5 40. Qb6 g4 41. Qxb7 Kh6 42. Qe7 Rf3+ 43. Ke2 Bh5 44. Qxe6+ Kg5 45. Ke1 Kh4 46. Qxd5 Kh3 47. e6 {[%emt 0:00:55] Weighted Error Value: White=0.20 (precise) /Black=0.38} 1-0

[Event "IV Estrellas 2022"]
[Site "La Palma"]
[Date "2022.08.09"]
[Round "6.10"]
[White "Hernandez Leon, Sergio"]
[Black "Acosta Sosa, Juan Manuel"]
[Result "1/2-1/2"]
[ECO "B22"]
[WhiteElo "2094"]
[BlackElo "2310"]
[Annotator "TA"]
[PlyCount "72"]
[EventDate "2022.08.06"]
[EventType "swiss"]
[EventCountry "ESP"]
[SourceTitle "playchess.com"]
[Source "ChessBase"]
[SourceQuality "1"]
[TimeControl "5400+30"]

1. e4 c5 2. c3 d5 3. exd5 Qxd5 4. d4 Nc6 5. Nf3 Bf5 6. Be3 Nf6 {[%emt 0:00:11] B22: Sicilian: 2 c3.} 7. Na3 {[%emt 0:04:51] Black must now prevent Bc4.} cxd4 8. Nb5 O-O-O {[%emt 0:05:50] Prevents Nc7.} 9. Nfxd4 (9. Nbxd4 {looks sharper.} Ng4 10. Qb3 Nxe3 11. fxe3 e6 12. Qxd5 Rxd5 13. Bc4) 9... Ng4 $1 10. Nxc6 (10. Bd2 $5 ) 10... Qxd1+ 11. Rxd1 {[%emt 0:00:15] Chess con chili.} Rxd1+ 12. Kxd1 Nxe3+ 13. fxe3 bxc6 14. Nd4 Be4 {[%emt 0:00:42] [#]} 15. Bc4 $146 ({Predecessor:} 15. Kd2 e5 16. Nf3 f6 17. Bd3 Bd5 18. e4 Be6 19. b4 g6 20. Kc2 Bh6 21. Nd2 {0-1 (38) Puranik,A (2584)-Shevchenko,K (2592) Chess.com INT 2020}) 15... e5 16. Nf3 f6 {[%emt 0:00:18] Against Ng5} 17. Ke2 Kc7 18. Rd1 Bf5 {[%emt 0:01:47] Strongly threatening ...e4.} 19. h3 Bd6 20. Nh4 {[%emt 0:00:45] The position is equal.} Be4 21. Bd3 Bxd3+ (21... Bd5 $5 ) 22. Rxd3 $11 {[%emt 0:00:22][%mdl 4096] Endgame KRB-KRN} Rb8 23. Rd2 g6 24. e4 Kd7 25. Kf3 Ke6 26. g4 Rb5 27. Ng2 Rb8 28. Ne3 Rh8 29. Nc4 Bc7 30. Rg2 Bb6 31. Rd2 {[%emt 0:00:13] [#] Rd6+ is the strong threat.} Bc7 {[%emt 0:00:23] Against Rd6+} 32. Rg2 Rf8 33. Ke2 Rd8 34. Rf2 Rh8 35. Rg2 Bb6 36. Kf3 Rf8 {[%emt 0:00:12] Weighted Error Value: White=0.06 (flawless) /Black=0.06 (flawless)} 1/2-1/2

[Event "IV Estrellas 2022"]
[Site "La Palma"]
[Date "2022.08.09"]
[Round "6.11"]
[White "Baeza Escudero, Javier"]
[Black "Estremera Panos, Sergio"]
[Result "0-1"]
[ECO "B32"]
[WhiteElo "1861"]
[BlackElo "2262"]
[Annotator "TA"]
[PlyCount "92"]
[EventDate "2022.08.06"]
[EventType "swiss"]
[EventCountry "ESP"]
[SourceTitle "playchess.com"]
[Source "ChessBase"]
[SourceQuality "1"]
[TimeControl "5400+30"]

1. e4 c5 2. Nf3 Nc6 3. d4 cxd4 4. Nxd4 e5 5. Nb5 d6 6. c4 Be6 $1 {[%emt 0:01:29][%mdl 4] outshines the older 6...Be7.} 7. Bd3 {[%emt 0:02:53] B32: Sicilian: Löwenthal and Kalashnikov Variations.} g6 8. O-O a6 9. N5c3 {[%emt 0:03:33] White is slightly better.} Bg7 10. Be3 Nf6 11. Nd5 Nd7 {[%emt 0:15:38] Against Bb6} 12. Nbc3 O-O 13. Qd2 Rc8 {[%emt 0:09:18] [#]} 14. b4 $146 ({Predecessor:} 14. Rad1 Kh8 15. b3 f5 16. f4 g5 17. exf5 Bxd5 18. fxg5 Bg8 19. f6 Nxf6 20. gxf6 Rxf6 {1-0 (40) Zawadzka,J (2403)-Pavlidou,E (2136) Iasi 2021}) 14... Nd4 15. Rab1 Kh8 16. Rfc1 f5 17. Bg5 Nf6 18. f4 Bxd5 (18... exf4 {looks sharper.} 19. exf5 Bxf5 20. Nxf6 Bxf6 21. Bxf4 Bxd3 22. Qxd3 Bg7) 19. Nxd5 fxe4 20. Bxf6 {[%emt 0:02:15][%mdl 64] Remove Defender} Bxf6 21. Bxe4 exf4 22. Nxf4 Bg7 23. Kh1 ({Don't blunder} 23. Bxb7 $2 {[#]} Qb6 $1 24. Qd3 (24. Nxg6+ $2 hxg6 25. c5 Qxb7 $19) 24... Ne2+ 25. Kh1 Nxf4 $19) 23... Rxf4 24. Qxf4 Ne2 {[%emt 0:00:02][%csl LRc1,LRf4] [#]} 25. Qg4 Nxc1 26. Rxc1 Rc7 27. h4 Be5 28. g3 Qf6 29. Qf3 (29. Kg2 $11) 29... Qxf3+ $15 30. Bxf3 Bxg3 {[%emt 0:00:09][%mdl 4096] Endgame KRB-KRB} 31. h5 Kg7 32. hxg6 hxg6 33. Be4 Bf4 34. Rc2 b6 35. Kg2 g5 36. Kf3 Kf6 37. Kg4 Ke5 38. Bd5 Kd4 {[%emt 0:01:06] Hoping for ...b5.} 39. Re2 Kc3 40. b5 (40. Re4 $17 {is a better defense.}) 40... axb5 $19 41. cxb5 Rc5 42. Bc6 (42. Bb3 $142) 42... d5 {[%emt 0:00:12][%cal Bd6d5,Bd5d4,Bd4d3][%mdl 32] ...d4 is the strong threat.} 43. Re6 d4 {[%emt 0:00:31] aiming for ...d3.} 44. a4 d3 {[%emt 0:03:28] And now ...d2 would win.} 45. Bf3 Rc4 46. Rxb6 $2 (46. Kh5 $19) 46... Be3+ {[%emt 0:04:02] Weighted Error Value: White=0.34/Black=0.03 (flawless)} 0-1